 Dungeon Crawl Stone Soup version 0.27-a0-1273-gec92ba881d (webtiles) character file.

Game seed: 4595212024002413658

231 senseless the Covert (level 6, -6/41 HPs)
             Began as an Octopode Brigand on June 11, 2021.
             Splashed by a jelly's acid (8 damage)
             ... on level 3 of the Dungeon.
             The game lasted 00:08:09 (3607 turns).

senseless the Covert (Octopode Brigand)             Turns: 3607, Time: 00:08:11

Health: -6/41      AC: -7    Str: 11    XL:     6   Next: 4%
Magic:  7/7        EV: 13    Int: 14    God:
Gold:   94         SH:  0    Dex: 14    Spells: 6/7 levels left

rFire    . . .     SeeInvis .   a - +2 dagger
rCold    . . .     Faith    +   (no shield)
rNeg     . . .     Spirit   .   (helmet restricted)
rPois    .         Reflect  .   o - amulet of faith
rElec    .         Harm     .   (no ring)
rCorr    .         Rampage  .   (no ring)
Will     .....                  (no ring)
Stlth    +++++.....             (no ring)
HPRegen  0.13/turn              (no ring)
MPRegen  0.10/turn              (no ring)
                                (no ring)
                                (no ring)

@: corroded
A: almost no armour, amphibious, 8 rings, camouflage 1, gelatinous body 1,
(nimble swimmer 1), tentacles
a: no special abilities


You were on level 3 of the Dungeon.
You visited 1 branch of the dungeon, and saw 4 of its levels.

You collected 94 gold pieces.

Inventory:

Hand Weapons
 a - a +2 dagger (weapon)
 t - a +4 quarterstaff of chaos
Missiles
 b - 4 poisoned darts (quivered)
 c - 2 curare-tipped darts
Armour
 p - a +2 tower shield
Jewellery
 o - an amulet of faith (around mantle)
Scrolls
 h - a scroll of fear
 m - 3 scrolls of immolation
Potions
 d - a potion of might {unknown}
 e - 2 potions of mutation
 f - a potion of brilliance
 g - a potion of attraction
 i - a potion of curing {unknown}
 j - a potion of heal wounds {unknown}
 k - a potion of haste {unknown}
 l - 3 potions of flight


   Skills:
 + Level 2.4 Fighting
 + Level 2.8 Short Blades
 + Level 2.1 Throwing
 + Level 1.8 Dodging
 + Level 8.4 Stealth
 * Level 1.0 Spellcasting


You had 6 spell levels left.
You knew the following spells:

 Your Spells              Type           Power      Damage    Failure   Level
a - Shock                 Conj/Air       0%         1d3       26%         1

Your spell library contained the following spells:

 Spells                   Type           Power      Damage    Failure   Level
 Foxfire                  Conj/Fire      0%         2x1d4     26%         1
 Static Discharge         Conj/Air       0%         N/A       36%         2
 Confusing Touch          Hex            0%         N/A       61%         3
 Conjure Flame            Conj/Fire      0%         6-21      61%         3
 Gell's Gravitas          Tloc           0%         N/A       61%         3
 Inner Flame              Hex/Fire       0%         N/A       61%         3
 Swiftness                Air            0%         N/A       61%         3
 Airstrike                Air            0%         N/A       95%         4
 Petrify                  Tmut/Erth      0%         N/A       95%         4
 Sticky Flame             Conj/Fire      0%         2d3       95%         4
 Fireball                 Conj/Fire      0%         3d3       100%        5
 Lightning Bolt           Conj/Air       0%         1d11      100%        5
 Metabolic Englaciation   Hex/Ice        0%         N/A       100%        5
 Yara's Violent Unravell  Hex/Tmut       0%         3d3       100%        5


Dungeon Overview and Level Annotations

Branches:
Dungeon (4/15)
 Temple: D:4-7

Altars:
Uskayaw


Innate Abilities, Weirdness & Mutations

You cannot wear most types of armour.
You are amphibious.
You can wear up to eight rings at the same time.
Your skin changes colour to match your surroundings (Stealth+).
Your rubbery body absorbs attacks. (AC +1, EV +1)
((You are camouflaged near water. (Stealth+)))
You have tentacles for arms and can constrict up to eight enemies at once.


Message History

The jelly barely misses you.
You barely miss the jelly. You squeeze the jelly.
The jelly is lightly wounded.
The jelly hits you. The acid corrodes you!
You are splashed with acid!
The adder bites you.
You climb upwards.
There is a stone staircase leading down here.
The jelly closely misses you. The adder closely misses you.
You hit the adder but do no damage. Your grab misses the adder.
Your squeeze misses the adder. The adder misses you.
You hit the adder but do no damage. You grab the adder.
You constrict the adder, but do no damage.
The adder misses you.
You hit the adder.
The adder is lightly wounded.
You constrict the adder. The adder bites you.
* * * LOW HITPOINT WARNING * * *
You hit the adder.
The adder is moderately wounded.
You constrict the adder. The adder barely misses you.
You hit the adder but do no damage. You squeeze the adder.
The adder is almost dead.
You constrict the adder.
You kill the adder!
You have reached level 6!
Your experience leads to an increase in your attributes!
Increase (S)trength, (I)ntelligence, or (D)exterity?
You feel stronger.
You hit the jelly but do no damage.
Your tentacles burn!
* * * LOW HITPOINT WARNING * * *
The jelly is lightly wounded.
The jelly completely misses you.
You hit the jelly but do no damage.
Your tentacles burn!
* * * LOW HITPOINT WARNING * * *
The jelly is lightly wounded.
The jelly hits you.
* * * LOW HITPOINT WARNING * * *
You are splashed with acid!
You die...

...........# #######..##.....# #.
##########.# ######..##.###.###)
###### #.# #>..##..##.# #.....
.....# #.# #.#........###.....
####.#####.####...(.......[..##.#
#.##.รท.....##.#.##....#.####.#
#.##.......##.#.#####.#.# #.#
#..#.....).##.#.## #.#.# #.#
#......_.....@J>.# #.#.# #.#
#.##.......####..####)#.####.#
#.##.......# #.......)...##.#
#.##...^...# ##........#.##.#
#.#####.#### ######.###.##.# #.#
#.#..##########.# #..... #.#
#...............# ####.# ##.##
####.############ #(#
###...#######.# #.#


You could see a jelly.

Vanquished Creatures
  Crazy Yiuf (D:3)
  A jelly (D:4)
  Jessica (D:3)
  4 gnolls (D:3)
  4 adders
  A worm (D:3)
  4 dart slugs
  An orc (D:3)
  7 bats
  9 endoplasms
  5 giant cockroaches
  6 goblins
  2 hobgoblins
  6 kobolds
  4 quokkas
  3 ball pythons
  2 frilled lizards
  3 rats
64 creatures vanquished.

Notes
Turn   | Place    | Note
-------+----------+-------------------------------------------
     0 | D:1      | senseless the Octopode Brigand began the quest for the Orb.
     0 | D:1      | Reached XP level 1. HP: 14/14 MP: 1/1
   198 | D:1      | Reached XP level 2. HP: 19/19 MP: 2/2
   456 | D:1      | Reached skill level 6 in Stealth
   655 | D:1      | Reached XP level 3. HP: 24/24 MP: 3/3
  1043 | D:2      | Reached skill level 7 in Stealth
  1620 | D:3      | Reached XP level 4. HP: 10/29 MP: 4/4
  2506 | D:3      | Learned a level 1 spell: Shock
  2589 | D:3      | Reached XP level 5. HP: 26/34 MP: 5/5
  2675 | D:3      | Found a faded altar of an unknown god.
  2724 | D:3      | Found a runed translucent door.
  2725 | D:3      | Noticed Crazy Yiuf
  2765 | D:3      | Found a hide-covered altar of Uskayaw.
  3032 | D:3      | Noticed Jessica
  3042 | D:3      | Killed Jessica
  3043 | D:3      | Reached skill level 8 in Stealth
  3365 | D:3      | Killed Crazy Yiuf
  3454 | D:4      | Reached skill level 1 in Spellcasting
  3606 | D:3      | Reached XP level 6. HP: 12/41 MP: 7/7
  3607 | D:3      | HP: 2/41 [jelly (3)]
  3607 | D:3      | Splashed by a jelly's acid

Illustrated notes

Levels and vault maps discovered:
D:1:      eino_arrival_cavern_e, layout_loops_ring, wad_floor_pattern_untrapped,
          minmay_split_cup_large
D:2:      layout_rooms
D:3:      cheibrodos_helix_gallery, layout_loops_ring,
          nicolae_uskayaw_murder_on_the_dancefloor,
          ebering_ecumenical_altar_rust, uniq_crazy_yiuf_cottage, uniq_jessica
D:4:      layout_rooms, minitemple, lexackson_kobold_supper, uniq_duvessa,
          uniq_menkaure, uniq_edmund

Skill      XL: |  1  2  3  4  5 |
---------------+----------------+-----
Stealth        | 6 7 8 |  8.4
Spellcasting   | 1 |  1.0
Fighting       | |  2.4
Short Blades   | |  2.8
Throwing       | |  2.1
Dodging        | |  1.8

Action                   |  1- 3 |  4- 6 || total
-------------------------+-------+-------++-------
Melee: Dagger            |    53 |    80 ||   133
       Constrict         |    11 |    19 ||    30
       Tentacles         |    10 |    16 ||    26
Throw: Dart              |       |     4 ||     4
  Use: Scroll            |    10 |     4 ||    14
 Stab: Sleeping          |    20 |     3 ||    23
Armor: Skin              |     4 |     3 ||     7
Dodge: Dodged            |    16 |    54 ||    70

Table legend: (Time is in decaauts)
 A = Elapsed time spent in this place.
 B = Non-inter-level travel time spent in this place.
 C = Inter-level travel time spent in this place.
 D = Time resting spent in this place.
 E = Time spent auto-exploring this place.
 F = Levels seen in this place.
 G = Mean time per level.
                   A        B        C        D        E       F      G
               +--------+--------+--------+--------+--------+-----+--------+
         Total |   3595 |   3501 |     94 |    942 |   2120 |   4 |  898.8 |
       Dungeon |   3595 |   3501 |     94 |    942 |   2120 |   4 |  898.8 |
               +--------+--------+--------+--------+--------+-----+--------+

Top non-repeatable levels by time:
     D:3: 1987 daAuts
     D:1: 956 daAuts
     D:2: 623 daAuts
     D:4: 27 daAuts
